 Dungeon Crawl Stone Soup version 0.28-a0-998-gb9e9c7b67e (webtiles) character file.

Game seed: 804004027294212630

37 r3xj the Chopper (level 3, -2/33 HPs)
             Began as a Minotaur Berserker on Dec 6, 2021.
             Was a Follower of Trog.
             Slain by a kobold (4 damage)
             ... on level 2 of the Dungeon.
             The game lasted 00:00:55 (902 turns).

r3xj the Chopper (Minotaur Berserker)                Turns: 902, Time: 00:00:56

Health: -2/33      AC:  2    Str: 21    XL:     3   Next: 23%
Magic:  2/2        EV: 12    Int:  4    God:    Trog [*.....]
Gold:   38         SH:  0    Dex: 11    Spells: 2/2 levels left

rFire   . . .      SeeInvis .   a - +0 hand axe
rCold   . . .      Faith    .   (no shield)
rNeg    . . .      Spirit   .   b - +0 animal skin
rPois   .          Reflect  .   (helmet restricted)
rElec   .          Harm     .   (no cloak)
rCorr   .          Rampage  .   (no gloves)
Will    .....                   (no boots)
Stlth   +.........              (no amulet)
HPRegen 0.11/turn               (no ring)
MPRegen 0.08/turn               (no ring)

@: no status effects
A: horns 2, retaliatory headbutt
a: Renounce Religion, Berserk


You were on level 2 of the Dungeon.
You worshipped Trog.
Trog was aware of your devotion.
You visited 1 branch of the dungeon, and saw 2 of its levels.

You collected 38 gold pieces.

Inventory:

Hand Weapons
 a - a +0 hand axe (weapon)
Armour
 b - a +0 animal skin (worn)
Scrolls
 d - a scroll of immolation {unknown}
 e - a scroll of identify {unknown}
Potions
 c - a potion of curing {unknown}


   Skills:
 + Level 4.0 Fighting
 * Level 4.3 Axes
 + Level 2.9 Armour
 + Level 2.7 Dodging


You had 2 spell levels left.
You didn't know any spells.
Your spell library was empty.

Dungeon Overview and Level Annotations

Branches:
Dungeon (2/15)

Altars:

Shops:
D:1 [


Innate Abilities, Weirdness & Mutations

You have a pair of horns on your head.
You reflexively headbutt those who attack you in melee.


Message History

You are poisoned.
The goblin shouts!
The frilled lizard hisses angrily.
You hit the giant cockroach. You headbutt the giant cockroach.
You kill the giant cockroach!
Trog accepts your kill.
You hit the kobold but do no damage.
You feel very sick.
An endoplasm comes into view.
The kobold hits you with a +1 dagger of venom.
You feel sick.
You hit the kobold but do no damage.
You feel sick. The kobold barely misses you.
You barely miss the kobold.
You feel sick.
The kobold hits you with a +1 dagger of venom.
You are more poisoned.
You feel very sick.
You feel very sick.
You hit the hobgoblin.
The hobgoblin is moderately wounded.
You feel very sick.
The frilled lizard hisses.
The hobgoblin misses you.
* * * LOW HITPOINT WARNING * * *
You feel sick.
You feel sick.
You feel sick.
You feel sick.
You feel sick.
You feel sick.
There is a stone staircase leading down here.
You feel sick. The hobgoblin closely misses you. The kobold barely misses you.
You climb downwards.
You feel sick.
You are no longer poisoned.
Found a cloak.
There is a stone staircase leading up here.
You barely miss the hobgoblin.
The hobgoblin is moderately wounded.
You barely miss the kobold. The hobgoblin misses you.
The kobold hits you with a +1 dagger of venom.
You die...

..####.##
........#
........#
#......#
#.......
##....[.#
.......K#
#....g@#
########


You could see a hobgoblin and a kobold.

Vanquished Creatures
  A gnoll (D:1)
  2 endoplasms (D:1)
  4 giant cockroaches (D:1)
  A goblin (D:1)
  5 hobgoblins (D:1)
  2 quokkas (D:1)
  4 ball pythons (D:1)
  4 bats (D:1)
  A rat (D:1)
24 creatures vanquished.

Notes
Turn   | Place    | Note
-------+----------+-------------------------------------------
     0 | D:1      | r3xj the Minotaur Berserker began the quest for the Orb.
     0 | D:1      | Reached XP level 1. HP: 19/19 MP: 0/0
    54 | D:1      | Reached XP level 2. HP: 18/27 MP: 1/1
   397 | D:1      | Found Biakyt's Antique Armour Shop.
   548 | D:1      | Reached XP level 3. HP: 19/33 MP: 2/2
   902 | D:2      | Slain by a kobold

Illustrated notes

Levels and vault maps discovered:
D:1:      sevenhm_arrival_forest_fort_large_2, layout_basic, serial_shops,
          nicolae_square_shop, minmay_bisected
D:2:      layout_loops_cross, shapermc_ecumenical_altar_petra,
          serial_park_tiny_2

Skill      XL: |  1  2  3 |
---------------+----------+-----
Axes           | 4 |  4.3
Fighting       | 4 |  4.0
Armour         | |  2.9
Dodging        | |  2.7

Action                   || total
-------------------------++-------
Melee: Hand axe          ||    49
       Headbutt          ||    10
Armor: Animal skin       ||     3
Dodge: Dodged            ||    41

Table legend: (Time is in decaauts)
 A = Elapsed time spent in this place.
 B = Non-inter-level travel time spent in this place.
 C = Inter-level travel time spent in this place.
 D = Time resting spent in this place.
 E = Time spent auto-exploring this place.
 F = Levels seen in this place.
 G = Mean time per level.
                   A        B        C        D        E       F      G
               +--------+--------+--------+--------+--------+-----+--------+
         Total |    906 |    906 |      0 |      0 |    787 |   2 |  453.0 |
       Dungeon |    906 |    906 |      0 |      0 |    787 |   2 |  453.0 |
               +--------+--------+--------+--------+--------+-----+--------+

Top non-repeatable levels by time:
     D:1: 905 daAuts
     D:2: 0 daAuts
